 Dungeon Crawl Stone Soup version 0.28.0-43-g3370ac3207 (webtiles) character file.

Game seed: 926963411026064667

3565 Kaptain the Geomancer (level 10, -3/61 HPs)
             Began as a Gargoyle Earth Elementalist on Mar 18, 2022.
             Shot with a bolt by an orc warrior (19 damage)
             ... in a bailey.
             The game lasted 00:16:24 (9378 turns).

Kaptain the Geomancer (Gargoyle Earth Elementalist) Turns: 9378, Time: 00:16:25

Health: -3/61      AC: 16    Str: 12    XL:     10   Next: 9%
Magic:  19/19      EV: 12    Int: 20    God:
Gold:   436        SH:  0    Dex: 10    Spells: 12/21 levels left

rFire   . . .      SeeInvis .   u - +4 arbalest
rCold   . . .      Faith    .   (shield currently unavailable)
rNeg    + . .      Spirit   .   C - +2 leather armour {rPois}
rPois   ∞          Reflect  .   (no helmet)
rElec   +          Harm     .   B - +2 cloak
rCorr   .          Rampage  .   (no gloves)
Will    .....                   (no boots)
Stlth   ++........              (no amulet)
HPRegen 0.20/turn               (no ring)
MPRegen 0.16/turn               (no ring)

@: no status effects
A: sickness immunity, AC +7, negative energy resistance 1, electricity
resistance, torment resistance 1, petrification resistance
a: no special abilities


You were in a bailey.
You visited 1 branch of the dungeon, and saw 7 of its levels.
You also visited: Bailey.

You collected 436 gold pieces.

Inventory:

Hand Weapons
 j - a +1 rapier of venom
 q - a +3 hand axe
 u - a +4 arbalest (weapon)
Missiles
 c - 42 stones
 f - 159 bolts (quivered ammo)
 s - 5 sling bullets
 x - 4 poisoned darts
Armour
 i - a scarf of shadows
 v - a +0 kite shield
 B - a +2 cloak (worn)
 C - a +2 leather armour of poison resistance (worn)
Wands
 a - a wand of flame (11)
Scrolls
 b - 2 scrolls of vulnerability
 e - a scroll of blinking {unknown}
 g - 2 scrolls of immolation
 h - a scroll of noise
 n - a scroll of holy word {unknown}
 o - a scroll of fog {unknown}
 p - a scroll of amnesia {unknown}
 r - a scroll of enchant armour
 w - a scroll of enchant weapon {unknown}
 y - a scroll of fear {unknown}
Potions
 k - a potion of degeneration
 l - a potion of invisibility
 m - a potion of resistance
 t - a potion of brilliance {unknown}
 z - a potion of heal wounds {unknown}
 A - 2 potions of haste {unknown}


   Skills:
 * Level 6.8 Fighting
 + Level 4.7 Armour
 - Level 3.1 Dodging
 - Level 2.1 Stealth
 + Level 2.9 Shields
 * Level 6.1 Spellcasting
 * Level 6.8 Conjurations
 - Level 0.7 Transmutations
 * Level 8.3 Earth Magic


You had 12 spell levels left.
You knew the following spells:

 Your Spells              Type           Power      Damage    Failure   Level
a - Sandblast             Erth           78%        2d17      1%          1
b - Stone Arrow           Conj/Erth      72%        3d11      1%          3
c - Mephitic Cloud        Conj/Pois/Air  15%        N/A       16%         3
d - Blink                 Tloc           12%        N/A       21%         2

Your spell library contained the following spells:

 Spells                   Type           Power      Damage    Failure   Level
 Magic Dart               Conj           100%       1d8       1%          1
 Passwall                 Tmut/Erth      20%        N/A       3%          2
 Dazzling Flash           Conj/Hex       38%        N/A       10%         3
 Call Imp                 Summ           6%         N/A       21%         2
 Scorch                   Fire           12%        2d6       21%         2
 Petrify                  Tmut/Erth      24%        N/A       21%         4
 Flame Wave               Conj/Fire      19%        2d6       32%         4
 Lesser Beckoning         Tloc           6%         N/A       36%         3
 Portal Projectile        Hex/Tloc       12%        N/A       36%         3
 Blade Hands              Tmut           4%         N/A       95%         5
 Agony                    Necr           6%         N/A       98%         5
 Excruciating Wounds      Necr           3%         N/A       98%         5
 Manifold Assault         Tloc           6%         N/A       98%         5
 Silence                  Hex/Air        3%         N/A       98%         5
 Summon Cactus Giant      Summ           3%         N/A       100%        6


Dungeon Overview and Level Annotations

Branches:
Dungeon (7/15)             Temple (0/1) D:5          Bailey (1/1)

Altars:

Shops:
D:4 (


Innate Abilities, Weirdness & Mutations

You are immune to sickness and miasma.
Your stone body is resilient. (AC +7)
You are immune to poison.
You resist negative energy. (rN+)
You are resistant to electric shocks. (rElec)
You are resistant to unholy torment.
You are immune to petrification.


Message History

You kill the orc warrior!
You hear a splash. x3
An orc warrior comes into view. It is wielding a +0 arbalest.
Unknown command.
Fire: 163 bolts
Press: ? - help, Q - select action, (/) - cycle Shift-Dir - straight line, f - orc warrior
Aim: an orc warrior, wielding a +0 arbalest, wearing a +0 ring mail and quivering bolts (wandering, hasn't noticed you, 58% to hit)
You shoot a bolt. The orc warrior shouts!
The bolt hits the orc warrior!
The orc warrior is heavily wounded.
You hear a splash.
The orc warrior curses noisily.
Fire: 162 bolts
Press: ? - help, Q - select action, (/) - cycle Shift-Dir - straight line, f/p - orc warrior
Aim: an orc warrior, wielding a +0 arbalest, wearing a +0 ring mail and quivering bolts (heavily wounded, 58% to hit)
You shoot a bolt. The bolt barely misses the orc warrior.
The bolt hits the orc!
You kill the orc!
You hear a splash.
You hear a splash. x3
The orc warrior shoots a bolt.
The bolt hits you!
* * * LOW HITPOINT WARNING * * *
Fire: 161 bolts
Press: ? - help, Q - select action, (/) - cycle Shift-Dir - straight line, f/p - orc warrior
Aim: an orc warrior, wielding a +0 arbalest, wearing a +0 ring mail and quivering bolts (moderately wounded, 58% to hit)
You shoot a bolt. The bolt hits the orc warrior!
The orc warrior is almost dead.
You hear a splash.
The orc warrior shoots a bolt.
The bolt hits you.
* * * LOW HITPOINT WARNING * * *
Okay, then.
Fire: 160 bolts
Press: ? - help, Q - select action, (/) - cycle Shift-Dir - straight line, f/p - orc warrior
Aim: an orc warrior, wielding a +0 arbalest, wearing a +0 ring mail and quivering bolts (almost dead, 58% to hit)
You shoot a bolt.
The bolt closely misses the orc warrior.
An orc comes into view. It is wielding a +0 arbalest.
The orc warrior shoots a bolt.
The bolt hits you!!
You die...

≈##(#≈≈.....#
≈≈≈)≈≈≈.....#
≈≈≈≈o≈≈.....#
≈≈≈≈(≈≈.....#
≈≈≈≈≈≈o≈.....#
#≈≈≈≈≈≈≈.....#
#≈≈≈≈≈≈≈.....#
#≈≈≈≈≈≈≈.....#
#≈≈≈≈≈≈≈@....#
##≈≈≈≈≈≈≈.....#
#≈≈≈≈≈≈≈≈.....#
##≈≈≈≈≈≈≈≈.....#
##≈≈≈≈≈≈≈≈≈.....# #
####≈≈≈≈≈≈≈≈≈≈.....#
###≈≈≈≈≈≈≈##.#≈≈.....#
≈≈≈≈≈≈≈≈≈≈#∩.##≈.....#
≈≈≈≈≈≈≈≈≈)))..#≈.....#


You could see an orc warrior and an orc.

Vanquished Creatures
  Pikel (D:4)
  Joseph (D:7)
  Grinder (D:5)
  Sigmund (D:2)
  A water moccasin (D:7)
  An ice beast (D:6)
  A black bear (D:4)
  6 orc warriors (Bailey)
  2 ogres
  2 necrophages (D:6)
  2 centaurs (D:6)
  A scorpion (D:5)
  A wyvern skeleton (D:5)
  A bullfrog zombie (D:5)
  6 orc priests
  A centaur skeleton (D:6)
  A jelly (D:6)
  5 hounds
  3 iguanas
  Natasha (D:1)
  Terence (D:2)
  8 orc wizards
  2 scorpion zombies (D:5)
  A hound skeleton (D:5)
  7 adders
  A white imp (D:6)
  An ufetubus (D:6)
  An adder skeleton (D:5)
  2 worms
  A dart slug (D:1)
  21 orcs
  5 endoplasms
  5 giant cockroaches
  5 hobgoblins
  4 jackals (D:5)
  6 kobolds
  2 quokkas
  4 ball pythons
  3 bats
  3 frilled lizards
  7 goblins
  6 rats
135 creatures vanquished.

Notes
Turn   | Place    | Note
-------+----------+-------------------------------------------
     0 | D:1      | Kaptain the Gargoyle Earth Elementalist began the quest for
                  | the Orb.
     0 | D:1      | Reached XP level 1. HP: 10/10 MP: 3/3
    72 | D:1      | Found a faded altar of an unknown god.
   283 | D:1      | Reached XP level 2. HP: 3/16 MP: 0/5
  1142 | D:1      | Reached skill level 1 in Fighting
  1465 | D:1      | Reached skill level 1 in Conjurations
  1469 | D:1      | Reached XP level 3. HP: 15/20 MP: 6/6
  1473 | D:1      | Learned a level 3 spell: Stone Arrow
  1756 | D:2      | Noticed Sigmund
  2025 | D:2      | Noticed Natasha
  2034 | D:1      | Killed Natasha
  2035 | D:1      | Reached skill level 4 in Earth Magic
  2171 | D:1      | Reached XP level 4. HP: 15/25 MP: 1/7
  2174 | D:1      | Reached skill level 1 in Armour
  2460 | D:2      | Killed Sigmund
  2461 | D:2      | Reached XP level 5. HP: 29/31 MP: 0/9
  2649 | D:2      | Noticed Terence
  2658 | D:2      | Killed Terence
  2659 | D:2      | Reached XP level 6. HP: 26/36 MP: 10/10
  3570 | D:3      | Reached skill level 5 in Earth Magic
  4233 | D:3      | Reached XP level 7. HP: 41/41 MP: 12/12
  4705 | D:4      | Learned a level 3 spell: Mephitic Cloud
  4754 | D:4      | Found Kublemmu's Antique Weapon Shoppe.
  5058 | D:5      | Entered Level 5 of the Dungeon
  5059 | D:5      | Noticed Pikel
  5094 | D:4      | Killed Pikel
  5095 | D:4      | Reached skill level 6 in Earth Magic
  5095 | D:4      | Reached XP level 8. HP: 35/48 MP: 0/14
  5370 | D:5      | Noticed Grinder
  5374 | D:5      | Killed Grinder
  6061 | D:5      | Reached skill level 5 in Fighting
  6061 | D:5      | Reached skill level 5 in Conjurations
  6192 | D:5      | Found a staircase to the Ecumenical Temple.
  6307 | D:5      | Reached XP level 9. HP: 54/54 MP: 9/16
  6471 | D:5      | Reached skill level 1 in Shields
  6471 | D:5      | Reached skill level 5 in Spellcasting
  6751 | D:5      | Reached skill level 7 in Earth Magic
  6765 | D:5      | Learned a level 2 spell: Blink
  8486 | D:7      | Noticed Joseph
  8493 | D:7      | Killed Joseph
  8726 | D:7      | Found a flagged portal.
  8731 | Bailey   | Entered a bailey
  8796 | Bailey   | Reached skill level 8 in Earth Magic
  8807 | Bailey   | Reached XP level 10. HP: 38/61 MP: 2/18
  9378 | Bailey   | Shot with a bolt by an orc warrior

Illustrated notes

Levels and vault maps discovered:
D:1:      dpeg_arrival_water_fire, layout_basic,
          chequers_ecumenical_altar_island, minmay_stone_trees_small
D:2:      cheibrodos_pilgrimage, layout_basic, minmay_pentomino_p4,
          uniq_natasha, uniq_sigmund, uniq_terence
D:3:      layout_loops_ring, kennysheep_generic_room_13
D:4:      layout_cave_pools, serial_shops, nicolae_shop_behind_doors
D:5:      layout_layer_cave, minmay_temple_entry_junction, minmay_fountain_box,
          uniq_grinder, uniq_pikel
D:6:      layout_basic, minivault_25
D:7:      layout_rooms, enter_bailey_3, uniq_joseph
Bailey:   bailey_polearm_2, bailey

Skill      XL: |  1  2  3  4  5  6  7  8  9 10 |
---------------+-------------------------------+-----
Fighting       | 1 2 3 4 5 6 |  6.8
Conjurations   | 1 2 3 4 5 6 |  6.8
Earth Magic    | 4 5 6 8 |  8.3
Armour         | 1 2 3 4 |  4.7
Dodging        | 2 3 |  3.1
Spellcasting   | 3 4 5 6 |  6.1
Shields        | 2 |  2.9
Stealth        | |  2.1
Transmutations | |  0.7

Action                   |  1- 3 |  4- 6 |  7- 9 | 10-12 || total
-------------------------+-------+-------+-------+-------++-------
Melee: Dagger            |     4 |       |       |       ||     4
       Short sword       |    14 |       |       |       ||    14
       Whip              |     9 |       |       |       ||     9
       Rapier            |    12 |    57 |    42 |       ||   111
       Punch             |       |     1 |     1 |       ||     2
 Fire: Arbalest          |       |       |       |    29 ||    29
 Cast: Sandblast         |    15 |    29 |    78 |     2 ||   124
       Stone Arrow       |     3 |     5 |    56 |     4 ||    68
  Use: Scroll            |       |       |    10 |       ||    10
       Potion            |       |       |     2 |       ||     2
 Stab: Sleeping          |     3 |     3 |       |       ||     6
Armor: Robe              |    14 |    12 |    33 |       ||    59
       Leather armour    |       |     9 |    34 |     9 ||    52
Dodge: Dodged            |    38 |    31 |   107 |    28 ||   204
